Unix NetHack Version 3.7.0-89 Work-in-progress - last build Nov 29 2023 03:14:05 (8663f69846b387d428bf56816b0fc57e108cd183,branch:master). Game began 2023-12-03 19:41:54, ended 2023-12-03 19:57:05. DoktorL, lawful female dwarven Valkyrie ------- ------------ #########......| ..........!| |.....| |..........| ------------ #-.>...| ...........| |..........| #|.....| |.......... ###-..........| #------- ......... ### |..........| #### ..E.. # #............# # -h- # #------------# # 0############### # # #### # ### # # # # # # # ---------.- # # # |.........|## #---------# |..........# #|.......|# |.........| #-......+|# ----------- |........# --------- DoktorL the Fighter St:11 Dx:12 Co:20 In:7 Wi:10 Ch:10 Lawful S:3704 Dlvl:9 $:164 HP:0(82) Pw:8(8) AC:-2 Xp:7/755 T:5410 Latest messages: You see here a gray spellbook. Double run prefix, canceled. With great effort you move the boulder. The door resists! The door opens. You hit the rothe. The rothe hits! The rothe just misses! The rothe misses! You hit the rothe. You kill the rothe! The vampire bat bites! The vampire bat misses! You hit the vampire bat. The vampire bat bites! The vampire bat bites again! The vampire bat misses! The vampire bat misses! The vampire bat turns into a fire elemental! You hit the fire elemental. You are suddenly very hot! The fire elemental misses! You miss the fire elemental. The fire elemental hits! You avoid harm. You hit the fire elemental! The fire elemental hits! You're on fire! Your scroll called eb 1 catches fire and burns! Your scroll labeled GNIK SISI VLE catches fire and burns! Your unlabeled scroll catches fire and burns! You drop a scroll labeled NR 9. You drop a scroll labeled STRC PRST SKRZ KRK. You drop a scroll labeled VE FORBRYDERNE. You drop 2 unlabeled scrolls. You drop an uncursed scroll called zel 1. You drop a cursed scroll called zel 1. You drop an uncursed clear potion. You drop an uncursed golden potion. You drop a murky potion. You drop a cursed orange potion. You drop an uncursed smoky potion. The fire elemental hits! You're on fire! You miss the fire elemental. You are suddenly very hot! You miss the fire elemental. You are suddenly very hot! You die... Do you want your possessions identified? [ynq] (y) Inventory: Coins $ - 164 gold pieces Weapons b - a +0 dagger (at the ready) a - a corroded +1 dwarvish spear (weapon in hand) u - 2 +0 orcish daggers Armor A - an uncursed +0 dwarvish iron helm (being worn) y - an uncursed +0 pair of water walking boots (being worn) c - an uncursed +3 small shield (being worn) l - an uncursed rotted +0 leather cloak (being worn) j - an uncursed +0 chain mail (being worn) Comestibles J - an uncursed lizard corpse Wands L - a wand of cold (0:1) g - a wand of light (0:12) Tools O - a bag of tricks (0:0) s - an uncursed lock pick K - a blessed oil lamp Gems/Stones G - an uncursed flint stone DoktorL the Valkyrie's attributes: Background: You were a Fighter, a level 7 dwarven Valkyrie. You were lawful, on a mission for Tyr who was opposed by Odin (neutral) and Loki (chaotic). You were in the Dungeons of Doom, on level 9. You entered the dungeon 5410 turns ago. You had 755 experience points, 525 more were needed to attain level 8. Your score was 3704 before end-of-game adjustments. Basics: You had 0 out of 82 hit points. You had all 8 energy points (spell power). Your armor class was -2. Your wallet contained 164 zorkmids. Autopickup was on for '$"?!/=' plus thrown, with exceptions. Final Characteristics: Your strength was 11 (peak:18, limit:18/100). Your dexterity was 12 (limit:20). Your constitution was 20 (limit:20). Your intelligence was 7 (limit:16). Your wisdom was 10 (limit:16). Your charisma was 10 (limit:16). Final Status: You weren't hungry. You were unencumbered. You were wielding a spear. You were skilled in spear. Final Attributes: You were piously aligned. You were cold resistant. You were poison resistant. You were telepathic. You had infravision. You were stealthy. You could walk on water. You were warded. You were fast. You are dead. Miscellaneous: You disabled loading of bones levels. Total elapsed playing time was 15 minutes and 10 seconds. Major events: Turn 1: DoktorL the lawful dwarven Valkyrie entered the dungeon 479: entered the Gnomish Mines 1366: attained the rank of Skirmisher (level 3) 3832: reached Mine Town 3988: attained the rank of Fighter (level 6) 5410: killed by a chameleon imitating a fire elemental Vanquished creatures: a chameleon a wolf a giant spider a lizard a housecat a rock mole a pony 2 yellow lights a violet fungus a straw golem a paper golem a little dog 2 floating eyes 2 dwarves 3 homunculi 3 rothes a rabid rat 2 dwarf zombies a werejackal an iguana 12 killer bees an acid blob 2 coyotes a gas spore a hobbit 2 hobgoblins 7 giant rats 3 cave spiders a brown mold 2 yellow molds a red mold 2 gnomes 2 geckos 2 jackals a fox 2 goblins 5 sewer rats 6 grid bugs 4 lichens a kobold zombie 4 newts 90 creatures vanquished. No species were genocided or became extinct. Voluntary challenges: You read items or engraved 3 times. You never engraved Elbereth. You never had a pet. You never genocided any monsters. You never polymorphed an object. You never changed form. You used no wishes. Achievements: You entered the Gnomish Mines. You attained the rank of Skirmisher. You entered Minetown. You entered a shop. You entered a temple. You attained the rank of Fighter. The Dungeons of Doom: levels 1 to 11 Level 1: Level 2: A fountain. Stairs down to The Gnomish Mines. Level 3: A fountain. Level 4: An altar to Tyr. Level 5: Level 6: A sink. Level 9: <- You were here. Final resting place for you, killed by a chameleon imitating a fire elemental. Level 10: Level 11: An altar. Summoned by the Norn. The Gnomish Mines: levels 3 to 9 Level 3: Level 4: Level 5: Level 6: Many shops, a temple and an altar, some fountains. Level 7: Level 8: Level 9: Game over: ---------- / \ / REST \ / IN \ / PEACE \ / \ | DoktorL | | 164 Au | | killed by a | | chameleon | | imitating a fire | | elemental | | 2023 | *| * * * | * _________)/\\_//(\/(/\)/\//\/|_)_______ Farvel DoktorL the Valkyrie... You died in The Dungeons of Doom on dungeon level 9 with 3688 points, and 164 pieces of gold, after 5410 moves. You were level 7 with a maximum of 82 hit points when you died.